Marlies vs Griffins
Created - May 14, 2023 at 20:58
Goals
|
| Marlies |
2 |
1 |
1 |
4 |
| Griffins |
1 |
0 |
2 |
3 |
|
Shots
|
| Marlies |
8 |
13 |
10 |
31 |
| Griffins |
13 |
6 |
8 |
27 |
|
1st period
1. Marlies , Tobias Lindberg 7 (Matthew Highmore 11, Pierre-Olivier Joseph 28) at 6:32
2. Griffins , Riley Armstrong 32 (Tyler Bertuzzi 46) at 7:15
3. Marlies , Colton Sissons 40 (Keaton Thompson 15) at 17:20
Penalties :
Tyler Bertuzzi (Gra) for Slashing (Minor) at 7:26, Nicholas Baptiste (Tor) for Hooking (Minor) at 12:03
2nd period
4. Marlies , Nicholas Baptiste 42 (Colton Sissons 49) at 17:14 (PP)
Penalties :
Ian McCoshen (Gra) for Hooking (Minor) at 3:28, Brendan Woods (Gra) for Elbowing (Minor) at 11:38, Greg McKegg (Gra) for Hooking (Minor) at 17:10, Dennis Gilbert (Tor) for Checking from behind (Minor) at 18:05
3rd period
5. Marlies , Matthew Highmore 11 (Tobias Lindberg 15, Lucas Carlsson 8) at 14:44
6. Griffins , Tyler Bertuzzi 31 (Riley Armstrong 45, Sonny Milano 36) at 14:58
7. Griffins , Ian McCoshen 3 (Tyler Bertuzzi 47) at 15:32 (PP)
Penalties :
Roope Hintz (Gra) for Hooking (Minor) at 5:23, Tyler Benson (Tor) for Holding (Minor) at 8:15, Nicholas Baptiste (Tor) for Cross-checking (Minor) at 15:01, Tobias Lindberg (Tor) for Tripping (Minor) at 19:57
Goalie Stats
Logan Thompson (Tor), 24 saves from 27 shots - (0.889), W, 14-12-1, 60:00 minutes
Ilya Samsonov (Gra), 27 saves from 31 shots - (0.871), L, 28-21-6, 58:59 minutes
Players Stats for Marlies
Player Name G A P +/- PIM S H SB GA TA FO MP PP MP PK MP
------------------------------------------------------------------------------------
Aleksi Saarela 0 0 0 -2 0 3 1 1 0 0 5/15 18:13 3:49 2:02
Alex Formenton 0 0 0 -2 0 0 0 0 0 0 0/1 17:50 3:49 1:48
Brycen Martin 0 0 0 1 0 0 0 0 0 1 0/0 13:02 0:00 0:00
Colton Sissons 1 1 2 1 0 3 0 0 1 0 10/27 22:21 4:11 3:23
Dennis Gilbert 0 0 0 0 2 1 0 1 0 0 0/0 19:25 3:16 1:28
Dmitri Samorukov 0 0 0 1 0 2 0 0 0 1 0/0 13:52 0:00 0:50
Henri Ikonen 0 0 0 0 0 1 1 1 0 0 1/1 11:53 0:04 1:31
Keaton Thompson 0 1 1 0 0 1 4 0 0 0 0/0 19:53 3:16 2:18
Logan Brown 0 0 0 0 0 3 0 0 1 1 3/7 8:45 0:00 0:00
Lucas Carlsson 0 1 1 0 0 1 1 1 0 1 0/0 27:05 4:44 4:12
Martin Necas 0 0 0 -2 0 0 2 0 0 0 0/0 12:24 0:00 0:00
Mathieu Olivier 0 0 0 0 0 0 0 0 0 0 0/1 15:16 3:49 1:35
Matthew Highmore 1 1 2 2 0 4 0 0 0 0 2/5 8:36 0:00 0:18
Nicholas Baptiste 1 0 1 1 4 6 1 0 2 1 1/1 18:28 4:07 0:00
Otto Koivula 0 0 0 2 0 0 0 0 0 0 0/0 8:18 0:00 0:00
Pierre-Olivier Joseph 0 1 1 0 0 2 0 1 0 1 0/0 27:05 4:44 4:12
Tobias Lindberg 1 1 2 2 2 2 2 0 0 0 0/0 9:45 0:04 0:00
Tyler Benson 0 0 0 1 2 2 1 0 0 0 1/5 21:14 4:07 2:23
Players Stats for Griffins
Player Name G A P +/- PIM S H SB GA TA FO MP PP MP PK MP
------------------------------------------------------------------------------------
Brendan Woods 0 0 0 0 2 4 1 0 1 0 3/6 16:41 3:13 3:27
Chris Bigras 0 0 0 -1 0 0 0 4 0 1 0/0 19:48 0:00 3:09
Danny Kristo 0 0 0 -2 0 3 2 0 0 0 1/1 16:55 3:13 1:44
Dmitri Orlov 0 0 0 -1 0 0 1 1 0 0 0/0 17:15 3:04 0:04
Greg McKegg 0 0 0 -1 2 1 1 0 0 0 1/2 10:48 0:00 1:16
Ian McCoshen 1 0 1 -1 2 1 2 1 0 0 0/0 17:14 3:04 0:04
Joe Morrow 0 0 0 -1 0 1 4 3 1 1 0/0 28:06 3:26 4:47
Lucas Lessio 0 0 0 0 0 1 1 0 0 0 0/0 14:51 3:13 1:44
Martin Frk 0 0 0 0 0 2 0 0 0 0 0/1 11:32 0:00 2:03
Riley Armstrong 1 1 2 2 0 1 2 0 1 0 28/39 21:43 3:17 4:21
Roope Hintz 0 0 0 -2 2 2 1 0 0 0 0/1 16:00 3:17 0:21
Ryan Lindgren 0 0 0 1 0 0 0 0 0 1 0/0 14:39 0:00 3:09
Ryan Pulock 0 0 0 1 0 0 0 1 1 0 0/0 18:48 0:00 4:47
Sonny Milano 0 1 1 2 0 2 4 0 0 0 0/1 17:47 3:26 0:00
Tanner Kero 0 0 0 -1 0 0 0 0 1 0 0/0 9:27 0:00 0:00
Troy Terry 0 0 0 -1 0 2 2 0 0 0 0/0 9:27 0:00 0:00
Tyler Bertuzzi 1 2 3 2 2 5 3 0 1 1 0/0 18:30 3:17 1:03
Vladislav Namestnikov 0 0 0 -2 0 2 0 0 0 0 7/12 12:24 0:00 0:01
3 Stars
1 - Tyler Bertuzzi (Gra)
2 - Riley Armstrong (Gra)
3 - Matthew Highmore (Tor)
Power Play
Marlies - 1 on 5 Attempt(s) - 20.00%
Griffins - 1 on 5 Attempt(s) - 20.00%
Penalty Kill
Marlies - 4 on 5 Attempt(s) - 80.00%
- Score 0 goal in Penalty Kill
Griffins - 4 on 5 Attempt(s) - 80.00%
- Score 0 goal in Penalty Kill
Team Stat
Marlies - Hits : 13 - Faceoff Wins : 23 - Blocked Shots : 5 - Penalty Minutes : 10
Griffins - Hits : 24 - Faceoff Wins : 40 - Blocked Shots : 10 - Penalty Minutes : 10
Official
Referees : Ghislain Hebert and Steve Kozari
Linesman : Derek Amell and Greg Devorski
Game Notes
No Game Note
Finance
Level 1 -- Attendance: 1906 (95.30%) -- Ticket Income $66,710
Level 2 -- Attendance: 1000 (100.00%) -- Ticket Income $15,000
Total Attendance: 2906 (96.87%)
Total Ticket Income: $81,710
Other Income: $4,086
Total Income: $85,796
Marlies
5 vs 5 Forward
Center Left Wing Right Wing Time % Phy DF OF
1 Colton Sissons Tyler Benson Nicholas Baptiste 40 1 2 2
2 Aleksi Saarela Alex Formenton Martin Necas 30 1 2 2
3 Logan Brown Henri Ikonen Mathieu Olivier 20 1 2 2
4 Matthew Highmore Otto Koivula Tobias Lindberg 10 1 2 2
5 vs 5 Defense
Defense Defense Time % Phy DF OF
1 Lucas Carlsson Pierre-Olivier Joseph 40 1 2 2
2 Keaton Thompson Dennis Gilbert 30 1 2 2
3 Dmitri Samorukov Brycen Martin 20 1 2 2
4 Lucas Carlsson Pierre-Olivier Joseph 10 1 2 2
PowerPlay Forward
Center Left Wing Right Wing Time % Phy DF OF
1 Colton Sissons Tyler Benson Nicholas Baptiste 60 1 2 2
2 Aleksi Saarela Alex Formenton Mathieu Olivier 40 1 2 2
PowerPlay Defense
Defense Defense Time % Phy DF OF
1 Lucas Carlsson Pierre-Olivier Joseph 60 1 2 2
2 Keaton Thompson Dennis Gilbert 40 1 2 2
Penalty Kill 4 Players Forward
Center Wing Time % Phy DF OF
1 Colton Sissons Tyler Benson 60 1 2 2
2 Aleksi Saarela Alex Formenton 40 1 2 2
Penalty Kill 4 Players Defense
Defense Defense Time % Phy DF OF
1 Lucas Carlsson Pierre-Olivier Joseph 60 1 2 2
2 Keaton Thompson Dennis Gilbert 40 1 2 2
Penalty Kill - 3 Players Forward
Forward Time % Phy DF OF
1 Colton Sissons 60 1 2 2
2 Aleksi Saarela 40 1 2 2
Penalty Kill - 3 Players Defense
Defense Defense Time % Phy DF OF
1 Lucas Carlsson Pierre-Olivier Joseph 60 1 2 2
2 Keaton Thompson Dennis Gilbert 40 1 2 2
4 vs 4 Forward
Center Wing Time % Phy DF OF
1 Colton Sissons Nicholas Baptiste 60 1 2 2
2 Aleksi Saarela Martin Necas 40 1 2 2
4 vs 4 Defense
Defense Defense Time % Phy DF OF
1 Lucas Carlsson Pierre-Olivier Joseph 60 1 2 2
2 Keaton Thompson Dennis Gilbert 40 1 2 2
Last Minutes Offensive
Center Left Wing Right Wing Defense Defense
Colton Sissons Tyler Benson Nicholas Baptiste Lucas Carlsson Pierre-Olivier Joseph
Last Minutes Defensive
Center Left Wing Right Wing Defense Defense
Colton Sissons Tyler Benson Nicholas Baptiste Lucas Carlsson Pierre-Olivier Joseph
Goaltenders
Starting : Logan Thompson
Backup : Charlie Lindgren
Extra Forwards
Normal : Mathieu Olivier, Tyler Benson, Martin Necas - PP : Mathieu Olivier, Tyler Benson - PK : Mathieu Olivier
Extra Defensemen
Normal : Dennis Gilbert, Dmitri Samorukov, Brycen Martin - PP : Dennis Gilbert - PK : Dennis Gilbert, Dmitri Samorukov
Penalty Shots
Nicholas Baptiste, Colton Sissons, Aleksi Saarela, Logan Brown, Mathieu Olivier
Scratches
Marc McLaughlin (Healthy), Jaden Lindo (Healthy), Jakob Forsbacka-Karlsson (Healthy), Jeff Corbett (Lower Body Injury), Radovan Bondra (Healthy)
Simon Bourque (Healthy), Mike Hardman (Healthy), Valentin Zykov (Torn Right Knee Ligaments Injury), Jonathan Davidsson (Healthy)
Griffins
5 vs 5 Forward
Center Left Wing Right Wing Time % Phy DF OF
1 Riley Armstrong Sonny Milano Tyler Bertuzzi 40 1 2 2
2 Vladislav Namestnikov Roope Hintz Danny Kristo 30 1 2 2
3 Brendan Woods Lucas Lessio Martin Frk 20 1 2 2
4 Greg McKegg Tanner Kero Troy Terry 10 1 2 2
5 vs 5 Defense
Defense Defense Time % Phy DF OF
1 Chris Bigras Joe Morrow 40 1 4 0
2 Dmitri Orlov Ian McCoshen 30 1 4 0
3 Ryan Lindgren Ryan Pulock 20 1 4 0
4 Joe Morrow Ryan Pulock 10 1 4 0
PowerPlay Forward
Center Left Wing Right Wing Time % Phy DF OF
1 Riley Armstrong Roope Hintz Tyler Bertuzzi 60 1 2 2
2 Brendan Woods Danny Kristo Lucas Lessio 40 1 2 2
PowerPlay Defense
Defense Defense Time % Phy DF OF
1 Joe Morrow Sonny Milano 60 1 2 2
2 Dmitri Orlov Ian McCoshen 40 1 2 2
Penalty Kill 4 Players Forward
Center Wing Time % Phy DF OF
1 Riley Armstrong Brendan Woods 60 1 2 2
2 Danny Kristo Tyler Bertuzzi 40 1 2 2
Penalty Kill 4 Players Defense
Defense Defense Time % Phy DF OF
1 Joe Morrow Ryan Pulock 60 1 2 2
2 Chris Bigras Ryan Lindgren 40 1 2 2
Penalty Kill - 3 Players Forward
Forward Time % Phy DF OF
1 Brendan Woods 60 1 2 2
2 Riley Armstrong 40 1 2 2
Penalty Kill - 3 Players Defense
Defense Defense Time % Phy DF OF
1 Joe Morrow Ryan Pulock 60 1 2 2
2 Ian McCoshen Chris Bigras 40 1 2 2
4 vs 4 Forward
Center Wing Time % Phy DF OF
1 Riley Armstrong Tyler Bertuzzi 60 1 2 2
2 Roope Hintz Danny Kristo 40 1 2 2
4 vs 4 Defense
Defense Defense Time % Phy DF OF
1 Ian McCoshen Dmitri Orlov 60 1 2 2
2 Joe Morrow Chris Bigras 40 1 2 2
Last Minutes Offensive
Center Left Wing Right Wing Defense Defense
Riley Armstrong Tyler Bertuzzi Danny Kristo Joe Morrow Dmitri Orlov
Last Minutes Defensive
Center Left Wing Right Wing Defense Defense
Riley Armstrong Brendan Woods Lucas Lessio Joe Morrow Ian McCoshen
Goaltenders
Starting : Ilya Samsonov
Backup : Adam Werner
Extra Forwards
Normal : Roope Hintz, Danny Kristo, Brendan Woods - PP : Martin Frk, Vladislav Namestnikov - PK : Martin Frk
Extra Defensemen
Normal : Ian McCoshen, Chris Bigras, Dmitri Orlov - PP : Ryan Pulock - PK : Ian McCoshen, Dmitri Orlov
Penalty Shots
Sonny Milano, Danny Kristo, Roope Hintz, Troy Terry, Riley Armstrong
Scratches
Nico Hischier (Broken Bone (Left Leg) Injury), Cody Glass (Healthy), Klim Kostin (Healthy), Morgan Barron (Healthy), Lias Andersson (Healthy)
Jack Studnicka (Healthy), Jack Ramsey (Healthy), Sebastian Ahaut (Healthy), Konrad Abeltshauser (Healthy), Michael Bunting (Healthy)
Conor Timmins (Healthy), Tomas Hyka (Healthy), Nick Swaney (Healthy), Marcus Hogberg (Healthy), Philippe Desrosiers (Healthy)
% Time on Ice - Marlies
Lines # - Real PCT - Wanted PCT - Time Play
Normal Forward
1 - 33% - 40% - 14:56
2 - 30% - 30% - 13:31
3 - 19% - 20% - 8:45
4 - 18% - 10% - 8:18
Normal Defense
1 - 38% - 40% - 17:30
2 - 31% - 30% - 14:19
3 - 29% - 20% - 13:02
4 - 1% - 10% - 0:39
PP Forward
1 - 52% - 60% - 4:11
2 - 48% - 40% - 3:49
PP Defense
1 - 59% - 60% - 4:44
2 - 41% - 40% - 3:16
PK Forward
1 - 80% - 60% - 5:12
2 - 20% - 40% - 1:18
PK Defense
1 - 65% - 60% - 4:12
2 - 35% - 40% - 2:18
PK3 Forward
1 - 0% - 60%
2 - 0% - 40%
PK3 Defense
1 - 0% - 60%
2 - 0% - 40%
44 Forward
1 - 0% - 60%
2 - 0% - 40%
44 Defense
1 - 0% - 60%
2 - 0% - 40%
Last Minute Offensive - 0:00
Last Minute Defensive - 0:00
Total
Forward - 60:00
Defense - 60:00
|
% Time on Ice - Griffins
Lines # - Real PCT - Wanted PCT - Time Play
Normal Forward
1 - 32% - 40% - 14:36
2 - 29% - 30% - 13:19
3 - 18% - 20% - 8:08
4 - 21% - 10% - 9:27
Normal Defense
1 - 39% - 40% - 17:51
2 - 32% - 30% - 14:21
3 - 25% - 20% - 11:10
4 - 5% - 10% - 2:08
PP Forward
1 - 51% - 60% - 3:17
2 - 49% - 40% - 3:13
PP Defense
1 - 53% - 60% - 3:26
2 - 47% - 40% - 3:04
PK Forward
1 - 78% - 60% - 6:16
2 - 22% - 40% - 1:44
PK Defense
1 - 61% - 60% - 4:51
2 - 39% - 40% - 3:09
PK3 Forward
1 - 0% - 60%
2 - 0% - 40%
PK3 Defense
1 - 0% - 60%
2 - 0% - 40%
44 Forward
1 - 0% - 60%
2 - 0% - 40%
44 Defense
1 - 0% - 60%
2 - 0% - 40%
Last Minute Offensive - 0:00
Last Minute Defensive - 0:00
Total
Forward - 60:00
Defense - 60:00
|
Play-by-Play
1st period
0:01 of 1st period - Colton Sissons wins face-off versus Riley Armstrong in neutral zone.
0:04 of 1st period - Snap shot by Colton Sissons.
0:04 of 1st period - Deflect By Nicholas Baptiste.
0:04 of 1st period - Stopped by Ilya Samsonov with a rebound.
0:10 of 1st period - Nicholas Baptiste is hit by Sonny Milano and loses puck.
0:48 of 1st period - Snap shot by Tanner Kero.
0:48 of 1st period - Shot Blocked by Henri Ikonen.
0:50 of 1st period - Slapshot by Ian McCoshen.
0:50 of 1st period - Shot Misses the Net.
0:52 of 1st period - Slapshot by Troy Terry.
0:52 of 1st period - Stopped by Logan Thompson without a rebound.
0:53 of 1st period - Brendan Woods wins face-off versus Matthew Highmore in Marlies zone.
0:58 of 1st period - Wrist shot by Lucas Lessio.
0:58 of 1st period - Deflect By Brendan Woods.
0:58 of 1st period - Stopped by Logan Thompson with a rebound.
1:15 of 1st period - Icing by Ryan Lindgren.
1:16 of 1st period - Colton Sissons wins face-off versus Martin Frk in Griffins zone.
1:28 of 1st period - Icing by Nicholas Baptiste.
1:29 of 1st period - Riley Armstrong wins face-off versus Colton Sissons in Marlies zone.
1:30 of 1st period - Wrist shot by Sonny Milano.
1:30 of 1st period - Stopped by Logan Thompson with a rebound.
1:56 of 1st period - Colton Sissons is hit by Tyler Bertuzzi and loses puck.
2:21 of 1st period - Wrist shot by Nicholas Baptiste.
2:21 of 1st period - Shot Misses the Net.
2:37 of 1st period - Wrist shot by Nicholas Baptiste.
2:37 of 1st period - Shot Blocked by Chris Bigras.
2:39 of 1st period - Snap shot by Nicholas Baptiste.
2:39 of 1st period - Shot Blocked by Chris Bigras.
2:41 of 1st period - Wrist shot by Dmitri Samorukov.
2:41 of 1st period - Stopped by Ilya Samsonov without a rebound.
2:42 of 1st period - Vladislav Namestnikov wins face-off versus Aleksi Saarela in Griffins zone.
2:51 of 1st period - Snap shot by Danny Kristo.
2:51 of 1st period - Stopped by Logan Thompson without a rebound.
2:52 of 1st period - Vladislav Namestnikov wins face-off versus Aleksi Saarela in Marlies zone.
2:57 of 1st period - Slapshot by Roope Hintz.
2:57 of 1st period - Stopped by Logan Thompson without a rebound.
2:58 of 1st period - Logan Brown wins face-off versus Vladislav Namestnikov in Marlies zone.
3:13 of 1st period - Slapshot by Logan Brown.
3:13 of 1st period - Shot Misses the Net.
3:47 of 1st period - Snap shot by Martin Frk.
3:47 of 1st period - Stopped by Logan Thompson with a rebound.
3:49 of 1st period - Snap shot by Martin Frk.
3:49 of 1st period - Stopped by Logan Thompson with a rebound.
4:22 of 1st period - Icing by Joe Morrow.
4:23 of 1st period - Riley Armstrong wins face-off versus Logan Brown in Griffins zone.
5:28 of 1st period - Tobias Lindberg is hit by Greg McKegg and loses puck.
5:33 of 1st period - Snap shot by Greg McKegg.
5:33 of 1st period - Stopped by Logan Thompson without a rebound.
5:34 of 1st period - Greg McKegg wins face-off versus Aleksi Saarela in Marlies zone.
6:32 of 1st period - Snap shot by Tobias Lindberg.
6:32 of 1st period - Goal by Tobias Lindberg - Marlies : 1 - Griffins : 0.
6:33 of 1st period - Aleksi Saarela wins face-off versus Riley Armstrong in neutral zone.
6:57 of 1st period - Icing by Tyler Bertuzzi.
6:58 of 1st period - Vladislav Namestnikov wins face-off versus Colton Sissons in Griffins zone.
7:09 of 1st period - Wrist shot by Vladislav Namestnikov.
7:09 of 1st period - Stopped by Logan Thompson without a rebound.
7:10 of 1st period - Riley Armstrong wins face-off versus Aleksi Saarela in Marlies zone.
7:13 of 1st period - Wrist shot by Riley Armstrong.
7:13 of 1st period - Shot Misses the Net.
7:15 of 1st period - Snap shot by Riley Armstrong.
7:15 of 1st period - Goal by Riley Armstrong - Marlies : 1 - Griffins : 1.
7:16 of 1st period - Riley Armstrong wins face-off versus Aleksi Saarela in neutral zone.
7:26 of 1st period - Minor Penalty to Tyler Bertuzzi for Slashing.
7:27 of 1st period - Riley Armstrong wins face-off versus Colton Sissons in Griffins zone.
8:39 of 1st period - Mathieu Olivier is hit by Danny Kristo and loses puck.
9:26 of 1st period - Penalty to Tyler Bertuzzi is over, Tyler Bertuzzi is back on ice.
9:53 of 1st period - Snap shot by Logan Brown.
9:53 of 1st period - Stopped by Ilya Samsonov with a rebound.
9:55 of 1st period - Snap shot by Henri Ikonen.
9:55 of 1st period - Shot Misses the Net.
9:57 of 1st period - Slapshot by Dennis Gilbert.
9:57 of 1st period - Shot Blocked by Dmitri Orlov.
9:59 of 1st period - Snap shot by Dennis Gilbert.
9:59 of 1st period - Stopped by Ilya Samsonov without a rebound.
10:00 of 1st period - Riley Armstrong wins face-off versus Matthew Highmore in Griffins zone.
10:45 of 1st period - Off-side.
10:46 of 1st period - Aleksi Saarela wins face-off versus Vladislav Namestnikov in neutral zone.
10:57 of 1st period - Snap shot by Vladislav Namestnikov.
10:57 of 1st period - Stopped by Logan Thompson with a rebound.
10:59 of 1st period - Wrist shot by Danny Kristo.
10:59 of 1st period - Stopped by Logan Thompson with a rebound.
11:01 of 1st period - Snap shot by Roope Hintz.
11:01 of 1st period - Stopped by Logan Thompson without a rebound.
11:02 of 1st period - Riley Armstrong wins face-off versus Colton Sissons in Marlies zone.
11:57 of 1st period - Off-side.
11:58 of 1st period - Riley Armstrong wins face-off versus Colton Sissons in neutral zone.
12:01 of 1st period - Snap shot by Tyler Bertuzzi.
12:01 of 1st period - Shot Blocked by Dennis Gilbert.
12:03 of 1st period - Minor Penalty to Nicholas Baptiste for Hooking.
12:04 of 1st period - Riley Armstrong wins face-off versus Colton Sissons in Marlies zone.
14:03 of 1st period - Penalty to Nicholas Baptiste is over, Nicholas Baptiste is back on ice.
15:29 of 1st period - Icing by Keaton Thompson.
15:30 of 1st period - Aleksi Saarela wins face-off versus Brendan Woods in Marlies zone.
16:39 of 1st period - Henri Ikonen is hit by Joe Morrow and loses puck.
16:59 of 1st period - Danny Kristo is hit by Martin Necas and loses puck.
17:20 of 1st period - Snap shot by Colton Sissons.
17:20 of 1st period - Goal by Colton Sissons - Marlies : 2 - Griffins : 1.
17:21 of 1st period - Tyler Benson wins face-off versus Riley Armstrong in neutral zone.
17:52 of 1st period - Snap shot by Aleksi Saarela.
17:52 of 1st period - Stopped by Ilya Samsonov without a rebound.
17:53 of 1st period - Danny Kristo wins face-off versus Aleksi Saarela in Griffins zone.
18:19 of 1st period - Dennis Gilbert is hit by Riley Armstrong.
18:25 of 1st period - Snap shot by Nicholas Baptiste.
18:25 of 1st period - Stopped by Ilya Samsonov without a rebound.
18:26 of 1st period - Riley Armstrong wins face-off versus Tyler Benson in Griffins zone.
19:48 of 1st period - Snap shot by Aleksi Saarela.
19:48 of 1st period - Shot Blocked by Chris Bigras.
19:50 of 1st period - Slapshot by Keaton Thompson.
19:50 of 1st period - Deflect By Aleksi Saarela.
19:50 of 1st period - Shot Blocked by Joe Morrow.
19:50 of 1st period - Puck is out of play.
19:51 of 1st period - Vladislav Namestnikov wins face-off versus Colton Sissons in Griffins zone.
Goals for this period are 2 for Marlies vs 1 for Griffins.
Shots for this period are 8 for Marlies vs 13 for Griffins.
2nd period
0:01 of 2nd period - Riley Armstrong wins face-off versus Colton Sissons in neutral zone.
0:36 of 2nd period - Snap shot by Logan Brown.
0:36 of 2nd period - Stopped by Ilya Samsonov without a rebound.
0:37 of 2nd period - Riley Armstrong wins face-off versus Colton Sissons in Griffins zone.
0:41 of 2nd period - Off-side.
0:42 of 2nd period - Riley Armstrong wins face-off versus Tyler Benson in neutral zone.
2:36 of 2nd period - Wrist shot by Matthew Highmore.
2:36 of 2nd period - Stopped by Ilya Samsonov with a rebound.
2:38 of 2nd period - Wrist shot by Tobias Lindberg.
2:38 of 2nd period - Shot Misses the Net.
2:58 of 2nd period - Snap shot by Greg McKegg.
2:58 of 2nd period - Shot Misses the Net.
3:04 of 2nd period - Aleksi Saarela is hit by Troy Terry.
3:28 of 2nd period - Minor Penalty to Ian McCoshen for Hooking.
3:29 of 2nd period - Riley Armstrong wins face-off versus Aleksi Saarela in Griffins zone.
3:37 of 2nd period - Slapshot by Aleksi Saarela.
3:37 of 2nd period - Stopped by Ilya Samsonov without a rebound.
3:38 of 2nd period - Aleksi Saarela wins face-off versus Riley Armstrong in Griffins zone.
3:51 of 2nd period - Snap shot by Keaton Thompson.
3:51 of 2nd period - Stopped by Ilya Samsonov without a rebound.
3:52 of 2nd period - Riley Armstrong wins face-off versus Colton Sissons in Griffins zone.
5:07 of 2nd period - Tyler Benson is hit by Joe Morrow and loses puck.
5:28 of 2nd period - Penalty to Ian McCoshen is over, Ian McCoshen is back on ice.
6:54 of 2nd period - Slapshot by Aleksi Saarela.
6:54 of 2nd period - Stopped by Ilya Samsonov with a rebound.
6:56 of 2nd period - Wrist shot by Tyler Benson.
6:56 of 2nd period - Stopped by Ilya Samsonov without a rebound.
6:57 of 2nd period - Vladislav Namestnikov wins face-off versus Colton Sissons in Griffins zone.
6:57 of 2nd period - Vladislav Namestnikov is hit by Tyler Benson.
7:09 of 2nd period - Backhand shot by Nicholas Baptiste.
7:09 of 2nd period - Shot Misses the Net.
8:12 of 2nd period - Snap shot by Logan Brown.
8:12 of 2nd period - Deflect By Mathieu Olivier.
8:12 of 2nd period - Shot Misses the Net.
8:12 of 2nd period - Puck is out of play.
8:13 of 2nd period - Riley Armstrong wins face-off versus Alex Formenton in Griffins zone.
8:24 of 2nd period - Wrist shot by Tyler Bertuzzi.
8:24 of 2nd period - Stopped by Logan Thompson with a rebound.
8:54 of 2nd period - Icing by Roope Hintz.
8:55 of 2nd period - Colton Sissons wins face-off versus Vladislav Namestnikov in Griffins zone.
8:56 of 2nd period - Slapshot by Nicholas Baptiste.
8:56 of 2nd period - Stopped by Ilya Samsonov without a rebound.
8:57 of 2nd period - Colton Sissons wins face-off versus Riley Armstrong in Griffins zone.
9:12 of 2nd period - Snap shot by Tyler Benson.
9:12 of 2nd period - Shot Blocked by Ian McCoshen.
9:22 of 2nd period - Alex Formenton is hit by Dmitri Orlov and loses puck.
9:37 of 2nd period - Danny Kristo is hit by Keaton Thompson.
9:55 of 2nd period - Snap shot by Aleksi Saarela.
9:55 of 2nd period - Shot Blocked by Joe Morrow.
10:11 of 2nd period - Chris Bigras is hit by Keaton Thompson and loses puck.
10:38 of 2nd period - Snap shot by Riley Armstrong.
10:38 of 2nd period - Shot Blocked by Pierre-Olivier Joseph.
11:25 of 2nd period - Backhand shot by Troy Terry.
11:25 of 2nd period - Stopped by Logan Thompson without a rebound.
11:26 of 2nd period - Logan Brown wins face-off versus Brendan Woods in Marlies zone.
11:38 of 2nd period - Minor Penalty to Brendan Woods for Elbowing.
11:39 of 2nd period - Riley Armstrong wins face-off versus Tyler Benson in Griffins zone.
11:51 of 2nd period - Wrist shot by Colton Sissons.
11:51 of 2nd period - Deflect By Tyler Benson.
11:51 of 2nd period - Stopped by Ilya Samsonov with a rebound.
11:53 of 2nd period - Snap shot by Tyler Benson.
11:53 of 2nd period - Shot Misses the Net.
11:55 of 2nd period - Wrist shot by Colton Sissons.
11:55 of 2nd period - Shot Misses the Net.
12:43 of 2nd period - Martin Frk is hit by Keaton Thompson and loses puck.
13:22 of 2nd period - Greg McKegg is hit by Nicholas Baptiste and loses puck.
13:38 of 2nd period - Penalty to Brendan Woods is over, Brendan Woods is back on ice.
13:58 of 2nd period - Snap shot by Lucas Lessio.
13:58 of 2nd period - Stopped by Logan Thompson with a rebound.
14:00 of 2nd period - Snap shot by Joe Morrow.
14:00 of 2nd period - Stopped by Logan Thompson with a rebound.
14:02 of 2nd period - Wrist shot by Brendan Woods.
14:02 of 2nd period - Stopped by Logan Thompson without a rebound.
14:03 of 2nd period - Riley Armstrong wins face-off versus Logan Brown in Marlies zone.
14:20 of 2nd period - Wrist shot by Matthew Highmore.
14:20 of 2nd period - Deflect By Otto Koivula.
14:20 of 2nd period - Shot Misses the Net.
14:20 of 2nd period - Puck is out of play.
14:21 of 2nd period - Vladislav Namestnikov wins face-off versus Matthew Highmore in Griffins zone.
14:54 of 2nd period - Troy Terry is hit by Tobias Lindberg and loses puck.
15:05 of 2nd period - Snap shot by Matthew Highmore.
15:05 of 2nd period - Shot Misses the Net.
15:07 of 2nd period - Slapshot by Dmitri Samorukov.
15:07 of 2nd period - Stopped by Ilya Samsonov without a rebound.
15:08 of 2nd period - Riley Armstrong wins face-off versus Colton Sissons in Griffins zone.
16:00 of 2nd period - Snap shot by Logan Brown.
16:00 of 2nd period - Shot Misses the Net.
16:02 of 2nd period - Wrist shot by Logan Brown.
16:02 of 2nd period - Stopped by Ilya Samsonov with a rebound.
16:04 of 2nd period - Wrist shot by Henri Ikonen.
16:04 of 2nd period - Deflect By Brendan Woods.
16:04 of 2nd period - Stopped by Ilya Samsonov with a rebound.
16:06 of 2nd period - Slapshot by Pierre-Olivier Joseph.
16:06 of 2nd period - Stopped by Ilya Samsonov with a rebound.
16:48 of 2nd period - Dennis Gilbert is hit by Danny Kristo.
17:00 of 2nd period - Slapshot by Henri Ikonen.
17:00 of 2nd period - Shot Misses the Net.
17:02 of 2nd period - Slapshot by Dennis Gilbert.
17:02 of 2nd period - Shot Blocked by Joe Morrow.
17:10 of 2nd period - Minor Penalty to Greg McKegg for Hooking.
17:11 of 2nd period - Nicholas Baptiste wins face-off versus Riley Armstrong in Griffins zone.
17:14 of 2nd period - Wrist shot by Nicholas Baptiste.
17:14 of 2nd period - Goal by Nicholas Baptiste - Marlies : 3 - Griffins : 1.
17:15 of 2nd period - Riley Armstrong wins face-off versus Colton Sissons in neutral zone.
17:18 of 2nd period - Nicholas Baptiste is hit by Tyler Bertuzzi and loses puck.
18:05 of 2nd period - Minor Penalty to Dennis Gilbert for Checking from behind.
18:06 of 2nd period - Colton Sissons wins face-off versus Riley Armstrong in Marlies zone.
18:06 of 2nd period - Colton Sissons is hit by Ian McCoshen.
19:32 of 2nd period - Lucas Carlsson is hit by Brendan Woods and loses puck.
19:56 of 2nd period - Snap shot by Danny Kristo.
19:56 of 2nd period - Stopped by Logan Thompson without a rebound.
19:57 of 2nd period - Riley Armstrong wins face-off versus Aleksi Saarela in Marlies zone.
Goals for this period are 1 for Marlies vs 0 for Griffins.
Shots for this period are 13 for Marlies vs 6 for Griffins.
3rd period
0:01 of 3rd period - Riley Armstrong wins face-off versus Colton Sissons in neutral zone.
0:04 of 3rd period - Wrist shot by Tyler Bertuzzi.
0:04 of 3rd period - Stopped by Logan Thompson without a rebound.
0:05 of 3rd period - Penalty to Dennis Gilbert is over, Dennis Gilbert is back on ice.
0:05 of 3rd period - Colton Sissons wins face-off versus Riley Armstrong in Marlies zone.
0:16 of 3rd period - Pierre-Olivier Joseph is hit by Sonny Milano and loses puck.
0:54 of 3rd period - Henri Ikonen is hit by Troy Terry.
1:00 of 3rd period - Slapshot by Pierre-Olivier Joseph.
1:00 of 3rd period - Deflect By Dmitri Orlov.
1:00 of 3rd period - Stopped by Ilya Samsonov with a rebound.
1:34 of 3rd period - Danny Kristo is hit by Tobias Lindberg.
2:14 of 3rd period - Slapshot by Sonny Milano.
2:14 of 3rd period - Stopped by Logan Thompson without a rebound.
2:15 of 3rd period - Riley Armstrong wins face-off versus Logan Brown in Marlies zone.
2:50 of 3rd period - Colton Sissons is hit by Joe Morrow.
3:38 of 3rd period - Icing by Greg McKegg.
3:39 of 3rd period - Logan Brown wins face-off versus Greg McKegg in Griffins zone.
4:02 of 3rd period - Dmitri Orlov is hit by Martin Necas.
4:35 of 3rd period - Wrist shot by Tobias Lindberg.
4:35 of 3rd period - Shot Misses the Net.
4:55 of 3rd period - Wrist shot by Colton Sissons.
4:55 of 3rd period - Deflect By Nicholas Baptiste.
4:55 of 3rd period - Shot Misses the Net.
4:55 of 3rd period - Puck is out of play.
4:56 of 3rd period - Colton Sissons wins face-off versus Riley Armstrong in Griffins zone.
5:02 of 3rd period - Off-side.
5:03 of 3rd period - Riley Armstrong wins face-off versus Tyler Benson in neutral zone.
5:06 of 3rd period - Colton Sissons is hit by Riley Armstrong and loses puck.
5:19 of 3rd period - Wrist shot by Colton Sissons.
5:19 of 3rd period - Stopped by Ilya Samsonov without a rebound.
5:20 of 3rd period - Vladislav Namestnikov wins face-off versus Aleksi Saarela in Griffins zone.
5:20 of 3rd period - Vladislav Namestnikov is hit by Aleksi Saarela.
5:23 of 3rd period - Minor Penalty to Roope Hintz for Hooking.
5:24 of 3rd period - Riley Armstrong wins face-off versus Colton Sissons in Griffins zone.
5:35 of 3rd period - Off-side.
5:36 of 3rd period - Riley Armstrong wins face-off versus Colton Sissons in neutral zone.
7:23 of 3rd period - Penalty to Roope Hintz is over, Roope Hintz is back on ice.
7:35 of 3rd period - Troy Terry is hit by Keaton Thompson and loses puck.
7:40 of 3rd period - Snap shot by Matthew Highmore.
7:40 of 3rd period - Stopped by Ilya Samsonov without a rebound.
7:41 of 3rd period - Matthew Highmore wins face-off versus Vladislav Namestnikov in Griffins zone.
7:44 of 3rd period - Snap shot by Matthew Highmore.
7:44 of 3rd period - Stopped by Ilya Samsonov without a rebound.
7:45 of 3rd period - Aleksi Saarela wins face-off versus Roope Hintz in Griffins zone.
8:15 of 3rd period - Minor Penalty to Tyler Benson for Holding.
8:16 of 3rd period - Colton Sissons wins face-off versus Riley Armstrong in Marlies zone.
8:16 of 3rd period - Colton Sissons is hit by Roope Hintz.
8:29 of 3rd period - Wrist shot by Tyler Bertuzzi.
8:29 of 3rd period - Stopped by Logan Thompson with a rebound.
8:31 of 3rd period - Snap shot by Joe Morrow.
8:31 of 3rd period - Shot Blocked by Lucas Carlsson.
8:41 of 3rd period - Lucas Carlsson is hit by Lucas Lessio and loses puck.
10:15 of 3rd period - Penalty to Tyler Benson is over, Tyler Benson is back on ice.
10:41 of 3rd period - Icing by Matthew Highmore.
10:42 of 3rd period - Matthew Highmore wins face-off versus Vladislav Namestnikov in Marlies zone.
11:05 of 3rd period - Keaton Thompson is hit by Sonny Milano.
12:12 of 3rd period - Colton Sissons is hit by Tyler Bertuzzi and loses puck.
12:43 of 3rd period - Snap shot by Danny Kristo.
12:43 of 3rd period - Shot Misses the Net.
13:02 of 3rd period - Wrist shot by Colton Sissons.
13:02 of 3rd period - Stopped by Ilya Samsonov with a rebound.
14:41 of 3rd period - Lucas Carlsson is hit by Ian McCoshen and loses puck.
14:44 of 3rd period - Snap shot by Tobias Lindberg.
14:44 of 3rd period - Deflect By Matthew Highmore.
14:44 of 3rd period - Goal by Matthew Highmore - Marlies : 4 - Griffins : 1.
14:45 of 3rd period - Riley Armstrong wins face-off versus Aleksi Saarela in neutral zone.
14:58 of 3rd period - Slapshot by Tyler Bertuzzi.
14:58 of 3rd period - Goal by Tyler Bertuzzi - Marlies : 4 - Griffins : 2.
14:59 of 3rd period - Colton Sissons wins face-off versus Sonny Milano in neutral zone.
15:01 of 3rd period - Minor Penalty to Nicholas Baptiste for Cross-checking.
15:02 of 3rd period - Riley Armstrong wins face-off versus Colton Sissons in Marlies zone.
15:32 of 3rd period - Slapshot by Ian McCoshen.
15:32 of 3rd period - Deflect By Lucas Carlsson.
15:32 of 3rd period - Goal by Ian McCoshen - Marlies : 4 - Griffins : 3.
15:33 of 3rd period - Brendan Woods wins face-off versus Logan Brown in neutral zone.
16:00 of 3rd period - Pierre-Olivier Joseph is hit by Joe Morrow and loses puck.
16:09 of 3rd period - Backhand shot by Tyler Bertuzzi.
16:09 of 3rd period - Stopped by Logan Thompson with a rebound.
16:17 of 3rd period - Ian McCoshen is hit by Lucas Carlsson and loses puck.
16:47 of 3rd period - Slapshot by Colton Sissons.
16:47 of 3rd period - Shot Misses the Net.
16:59 of 3rd period - Tyler Benson is hit by Sonny Milano and loses puck.
17:08 of 3rd period - Wrist shot by Sonny Milano.
17:08 of 3rd period - Shot Misses the Net.
17:32 of 3rd period - Wrist shot by Nicholas Baptiste.
17:32 of 3rd period - Stopped by Ilya Samsonov with a rebound.
17:34 of 3rd period - Wrist shot by Nicholas Baptiste.
17:34 of 3rd period - Stopped by Ilya Samsonov with a rebound.
17:36 of 3rd period - Slapshot by Lucas Carlsson.
17:36 of 3rd period - Shot Blocked by Ryan Pulock.
17:38 of 3rd period - Backhand shot by Lucas Carlsson.
17:38 of 3rd period - Stopped by Ilya Samsonov without a rebound.
17:39 of 3rd period - Henri Ikonen wins face-off versus Brendan Woods in Griffins zone.
18:10 of 3rd period - Wrist shot by Aleksi Saarela.
18:10 of 3rd period - Shot Blocked by Chris Bigras.
18:16 of 3rd period - Snap shot by Roope Hintz.
18:16 of 3rd period - Shot Blocked by Aleksi Saarela.
18:45 of 3rd period - Snap shot by Tobias Lindberg.
18:45 of 3rd period - Stopped by Ilya Samsonov without a rebound.
18:46 of 3rd period - Kirk Muller call a timeout for Griffins.
18:46 of 3rd period - Brendan Woods wins face-off versus Mathieu Olivier in Griffins zone.
18:59 of 3rd period - Griffins, Ilya Samsonov is pulled from the net.
18:59 of 3rd period - Wrist shot by Brendan Woods.
18:59 of 3rd period - Stopped by Logan Thompson with a rebound.
19:01 of 3rd period - Slapshot by Joe Morrow.
19:01 of 3rd period - Deflect By Brendan Woods.
19:01 of 3rd period - Stopped by Logan Thompson with a rebound.
19:29 of 3rd period - Dmitri Orlov is hit by Henri Ikonen and loses puck.
19:32 of 3rd period - Snap shot by Brendan Woods.
19:32 of 3rd period - Shot Misses the Net.
19:57 of 3rd period - Minor Penalty to Tobias Lindberg for Tripping.
19:58 of 3rd period - Colton Sissons wins face-off versus Riley Armstrong in Marlies zone.
Goals for this period are 1 for Marlies vs 2 for Griffins.
Shots for this period are 10 for Marlies vs 8 for Griffins.